cohdb
Replays
Latest Replays
All Replays
Popular Replays
Top Player Replays
Match Explorer
How It Works
Community
CoH3 Stats
Reddit
Sign in to upload your games and track your stats! →
Sign in with Steam
Match 45337749
Unlisted
Match 45337749
Overview
Messages
Build Orders
End
250 Light Carrier
Kradschützen Motorcycle Team
Panzergrenadier Squad
Construct Light Support Kompanie
Combat Half-tracks
Panzergrenadier Squad
Construct Mechanized Kompanie
2.5-tonne Medical Truck
Panzerjäger Mechanized Group
Marder III Tank Destroyer
Marder III Tank Destroyer
Vehicle Survival Package
254 Reconnaissance Tractor
Support Armor Elements
Rapid Advance
Panzergrenadier Squad
Panzerpioneer Squad
Selects Armored Support Battlegroup
Selects Superior Fire Drills
Selects Flammpanzer III Medium Tank
Selects Salvage Kits
Emergency Repair Kits
Construct Panzerarmee Kommand
Forward Retreat Point
Selects Panzer Storm
Armored Reserves
Selects Stuka Anti-tank Loiter
Tiger Heavy Tank
Stuka Anti-tank Loiter
Skibidi Rizzler
Earthdog
NaDa
WuTFaCe
Thomas Shelby
Jameswithnoname
mooncat_black
Mastermarius
0
0
Comments
sign in to comment!
No comments posted yet!